 Dungeon Crawl Stone Soup version 0.25.1-2-g60ff931df9 (webtiles) character file.

Game seed: 14874535219554865308

3786 hawla the Carver (level 9, 0/75 HPs)
             Began as a Minotaur Gladiator on Nov 5, 2020.
             Was an Initiate of Gozag.
             Slain by a two-headed ogre
             ... wielding a +0 giant club
              (19 damage)
             ... on level 9 of the Dungeon.
             The game lasted 00:25:55 (9672 turns).

hawla the Carver (Minotaur Gladiator)               Turns: 9672, Time: 00:25:57

Health: 0/75       AC: 13    Str: 22    XL:     9   Next: 95%
Magic:  11/11      EV: 12    Int:  7    God:    Gozag
Gold:   179        SH:  0    Dex: 13    Spells: 8/8 levels left

rFire    . . .     SeeInvis .   p - +2 dagger (venom)
rCold    . . .     Gourm    .   (no shield)
rNeg     + . .     Faith    .   A - +2 chain mail {rPois}
rPois    +         Spirit   .   c - +0 hat
rElec    .         Reflect  .   (no cloak)
rCorr    .         Harm     .   y - +0 pair of gloves {Dex+3}
MR       .....                  (no boots)
Stlth    ..........             (no amulet)
HPRegen  0.22/turn              B - ring of positive energy
MPRegen  0.12/turn              (no ring)

@: no status effects
A: retaliatory headbutt, horns 2, clever 1, clumsy 1
a: Potion Petition, Call Merchant, Bribe Branch, Renounce Religion


You were on level 9 of the Dungeon.
You worshipped Gozag.
Gozag was aware of your devotion.
You were not hungry.

You visited 2 branches of the dungeon, and saw 10 of its levels.
You also visited: Ossuary.

You collected 465 gold pieces.
You spent 168 gold pieces at shops.
You paid 118 gold pieces to Gozag.

Inventory:

Hand Weapons
 a - a +1 long sword
 p - a +2 dagger of venom (weapon)
Missiles
 b - a throwing net (quivered)
 u - 5 atropa-tipped darts
Armour
 c - a +0 hat (worn)
 d - a +2 robe of fire resistance
 l - a +1 scale mail of cold resistance
 x - a +2 scale mail of magic resistance
 y - a +0 pair of gloves of dexterity (worn)
 A - a +2 chain mail of poison resistance (worn)
Jewellery
 e - an uncursed amulet of reflection {unknown}
 i - an uncursed amulet of guardian spirit {unknown}
 m - an uncursed amulet of magic regeneration
 B - a ring of positive energy (left hand)
Wands
 h - a wand of enslavement (2)
Scrolls
 g - 5 scrolls of remove curse
 k - 4 scrolls of teleportation
 n - a scroll of magic mapping
 q - a scroll of holy word
 r - 2 scrolls of noise
 t - a scroll of amnesia
 w - a scroll of fog
 z - 2 scrolls of fear {unknown}
Potions
 j - 2 potions of flight
 o - 3 potions of haste
 s - 2 potions of curing
 v - a potion of berserk rage
Comestibles
 f - 10 rations


   Skills:
 + Level 5.7 Fighting
 + Level 2.6(6.1) Short Blades
 + Level 9.5(9.7) Long Blades
 + Level 3.3 Throwing
 + Level 6.8 Armour
 * Level 8.1 Dodging
 + Level 2.3 Stealth
 * Level 4.5 Evocations


You had 8 spell levels left.
You didn't know any spells.
Your spell library was empty.

Dungeon Overview and Level Annotations

Branches:
Dungeon (9/15)             Temple (1/1) D:6            Lair (0/6) D:8
Ossuary (visited)
    Orc: D:9-12

Altars:
Ashenzari
Cheibriados
Dithmenos
Gozag
Kikubaaqudgha
Makhleb
Okawaru
Qazlal
Ru
Sif Muna
Trog
Vehumet
Yredelemnul
Zin

Shops:
D:6 %?*

Annotations:
D:4 3 runed translucent doors, Platt's ghost, amateur GrFi
D:5 2 transporters, ew1980's ghost, amateur DECj
D:6 2 transporters, 1 runed translucent door, Crazy Yiuf; archon2's ghost, novice OpCj
D:9 2 transporters, belegose's ghost, novice HaAs


Innate Abilities, Weirdness & Mutations

You reflexively headbutt those who attack you in melee.
You have a pair of horns on your head.
Your mind is acute. (Int +2)
You are clumsy. (Dex -2)


Message History

The two-headed ogre closely misses you.
You are too injured to fight recklessly!
You hit the two-headed ogre but do no damage.
The two-headed ogre looks as sick as possible!
You headbutt the two-headed ogre!
The two-headed ogre is moderately wounded.
You hit the two-headed ogre.
You headbutt the two-headed ogre, but do no damage.
The two-headed ogre is moderately wounded.
The two-headed ogre closely misses you. You furiously retaliate!
You headbutt the two-headed ogre, but do no damage.
The two-headed ogre closely misses you.
You see here an arrow.
Your chain mail prevents you from hitting the two-headed ogre.
The two-headed ogre is heavily wounded.
The two-headed ogre hits you with a +0 giant club!
* * * LOW HITPOINT WARNING * * *
The two-headed ogre hits you with a +0 giant club!!
You die...
Your body crumbles into a pile of gold.

#......#
#................
#......#
#................
#......#
#................
#..###.#
#................ #..#
#.#####................
#..#
#...((.................
#..#
#......................
#..
#..####................
#..# #@O..............
#..# #..$.............
#..# #....$$..........
#..# #....$.$.........
#..# #..........%.....
#................
#................
#....<...........
#..............


You could see a two-headed ogre (extremely poisoned).

Vanquished Creatures
  Pikel (D:9)
  Sigmund (D:5)
  Eustachio (D:6)
  Menkaure (D:6)
  Edmund (D:5)
  Duvessa (D:5)
  3 orc warriors
  A black bear (D:9)
  A sky beast (D:7)
  4 ogres
  3 slaves (D:9)
  2 ice beasts
  A phantom (D:5)
  2 centaurs
  A bullfrog (D:7)
  A scorpion (D:8)
  4 howler monkeys
  A crimson imp (D:6)
  A centaur zombie (D:6)
  3 hounds
  A centaur skeleton (D:5)
  3 orc priests
  3 bullfrog skeletons
  4 orc wizards
  Ijyb (D:5)
  2 iguanas
  5 worker ants
  6 big kobold zombies (Ossuary)
  A hound zombie (D:5)
  A mummy (Ossuary)
  13 adders
  An adder skeleton (D:4)
  9 worms
  2 dart slugs (D:1)
  2 leopard geckos (D:3)
  34 orcs
  3 spectral bats (Ossuary)
  2 ball pythons
  6 giant cockroaches
  6 gnoll zombies (Ossuary)
  12 hobgoblins
  4 jackals (D:1)
  5 quokkas
  9 bats
  9 bat simulacra (Ossuary)
  4 frilled lizards
  9 goblins
  A goblin simulacrum (Ossuary)
  4 goblin zombies (Ossuary)
  6 hobgoblin zombies (Ossuary)
  4 kobolds
  2 kobold simulacra (Ossuary)
  5 kobold zombies (Ossuary)
  A leopard gecko skeleton (D:4)
  3 orc zombies (Ossuary)
  A quokka skeleton (D:6)
  9 rats
  2 spectral goblins (Ossuary)
  3 spectral kobolds (Ossuary)
  4 spectral rats (Ossuary)
236 creatures vanquished.

Vanquished Creatures (collateral kills)
  Dowan (D:5)
1 creature vanquished.

Vanquished Creatures (others)
  A slave (D:9)
  An orc (D:9)
  6 plants (D:5)
8 creatures vanquished.

Grand Total: 245 creatures vanquished

Notes
Turn   | Place    | Note
-------+----------+-------------------------------------------
     0 | D:1      | hawla the Minotaur Gladiator began the quest for the Orb.
     0 | D:1      | Reached XP level 1. HP: 18/18 MP: 0/0
   175 | D:1      | Reached XP level 2. HP: 23/25 MP: 1/1
   185 | D:1      | Reached skill level 4 in Long Blades
   496 | D:1      | You fall into a shaft and drop 1 floor!
   542 | D:2      | Reached XP level 3. HP: 28/30 MP: 2/2
  1349 | D:2      | Reached XP level 4. HP: 35/37 MP: 3/3
  1909 | D:3      | Reached skill level 1 in Armour
  2150 | D:3      | Reached skill level 5 in Long Blades
  2688 | D:3      | Reached XP level 5. HP: 45/45 MP: 4/4
  2738 | D:4      | Found a radiant altar of Vehumet.
  2900 | D:4      | Found a sand-covered staircase.
  2912 | Ossuary  | Entered an ossuary
  2930 | Ossuary  | Reached skill level 5 in Dodging
  3049 | Ossuary  | Reached XP level 6. HP: 40/51 MP: 5/5
  3051 | Ossuary  | Reached skill level 6 in Long Blades
  3728 | D:4      | Reached XP level 7. HP: 35/58 MP: 6/6
  3855 | D:4      | Reached skill level 7 in Long Blades
  3855 | D:4      | Reached skill level 1 in Evocations
  4064 | D:4      | Found a runed translucent gate.
  4064 | D:4      | Found a runed translucent gate.
  4064 | D:4      | Found a runed translucent gate.
  4064 | D:4      | Noticed Platt's ghost (amateur GrFi)
  4065 | D:4      | Identified the cursed +2 short sword "Ecsor" {chaos, Dex+4}
  4450 | D:5      | Entered Level 5 of the Dungeon
  4605 | D:5      | Noticed Sigmund
  4606 | D:5      | Noticed Edmund
  4659 | D:5      | Killed Edmund
  4659 | D:5      | Reached skill level 1 in Stealth
  4689 | D:5      | Killed Sigmund
  4705 | D:5      | Reached XP level 8. HP: 22/66 MP: 8/8
  5440 | D:5      | Noticed Ijyb
  5458 | D:5      | Killed Ijyb
  5458 | D:5      | Reached skill level 8 in Long Blades
  5484 | D:5      | Found a transporter.
  5506 | D:5      | Identified the +0 ring mail of the Lumpy Heavens {*Corrode
                  | rPois Dex+3 Stlth+}
  5547 | D:5      | Noticed Dowan
  5548 | D:5      | Noticed Duvessa
  5557 | D:5      | Killed Duvessa
  5571 | D:5      | Killed Dowan
  5815 | D:5      | Noticed ew1980's ghost (amateur DECj)
  6373 | D:5      | Found a transporter.
  6510 | D:6      | Reached skill level 5 in Fighting
  6737 | D:6      | Noticed Menkaure
  6747 | D:6      | Killed Menkaure
  6943 | D:6      | You fall into a shaft and drop 2 floors!
  7044 | D:8      | Found a shadowy altar of Dithmenos.
  7056 | D:8      | Reached XP level 9. HP: 46/74 MP: 10/10
  7246 | D:8      | Found a staircase to the Lair.
  7274 | D:8      | Reached skill level 9 in Long Blades
  7453 | D:6      | Reached skill level 5 in Armour
  7555 | D:6      | Noticed Eustachio
  7575 | D:6      | Killed Eustachio
  7623 | D:6      | Found a staircase to the Ecumenical Temple.
  7647 | Temple   | Entered the Ecumenical Temple
  7674 | Temple   | Became a worshipper of Gozag Ym Sagoz the Greedy
  7703 | D:6      | Found Jiotizer's Assorted Antiques.
  7708 | D:6      | Bought a brown potion for 18 gold pieces
  7710 | D:6      | Gained mutation: You are clumsy. (Dex -2) [potion of
                  | mutation]
  7710 | D:6      | Gained mutation: Your mind is acute. (Int +2) [potion of
                  | mutation]
  7727 | D:6      | Found a transporter.
  7729 | D:6      | Found a transporter.
  7729 | D:6      | Noticed archon2's ghost (novice OpCj)
  7878 | D:6      | Found Qesyrghac's Magic Scroll Emporium.
  7878 | D:6      | Found Sesur's Food Shoppe.
  8055 | D:6      | Found a shimmering blue altar of Sif Muna.
  8256 | D:6      | Found a runed translucent door.
  8257 | D:6      | Noticed Crazy Yiuf
  8328 | D:7      | Reached skill level 1 in Short Blades
  8941 | D:6      | Bought a glowing chain mail for 150 gold pieces
  9130 | D:8      | You fall into a shaft and drop 1 floor!
  9158 | D:9      | Noticed Pikel
  9188 | D:9      | Killed Pikel
  9463 | D:9      | Noticed belegose's ghost (novice HaAs)
  9468 | D:9      | Found a transporter.
  9480 | D:9      | Found a transporter.
  9525 | D:9      | Noticed a queen bee
  9657 | D:9      | Noticed a two-headed ogre
  9672 | D:9      | Slain by a two-headed ogre

Illustrated notes

Levels and vault maps discovered:
D:1:      ncdulo_smallfort, layout_basic
D:2:      layout_basic
D:3:      layout_basic
D:4:      layout_loops_cross, gammafunk_ghost_nasty_kobolds,
          nicolae_ossuary_entry_ruins, vehumet_altar_wand_db
D:5:      minmay_spotlight, layout_loops_corners, first_ration,
          gammafunk_ghost_gnarly_gnolls, minmay_misc_feat_ornament, uniq_ijyb,
          uniq_edmund, uniq_sigmund, uniq_duvessa
D:6:      layout_loops_ring, tgw_sif, minmay_temple_entry_large_hall,
          serial_shops, shop, nicolae_shop_temple_entry_statues_fountains, shop,
          gammafunk_ghost_arena, uniq_crazy_yiuf_cottage, uniq_menkaure,
          uniq_eustachio
D:7:      layout_rooms
D:8:      layout_basic, nicolae_dithmenos_shadow_blocks, marbit_many_paths,
          lair_entry_dummy
D:9:      layout_long_grid, lemuel_coloured_pillars_altar, gammafunk_ghost_hive,
          minmay_misc_feat_doors, uniq_pikel
Temple:   hc_temple_tempest_star

Skill      XL: |  1  2  3  4  5  6  7  8  9 |
---------------+----------------------------+-----
Long Blades    | 4 5 6 7 8 9 |  9.5
Dodging        | 4 5 6 7 8 |  8.1
Armour         | 1 2 3 4 6 |  6.8
Fighting       | 3 4 5 |  5.7
Evocations     | 2 3 4 |  4.5
Stealth        | 1 2 |  2.3
Throwing       | 3 |  3.3
Short Blades   | 2 |  2.6

Action                   |  1- 3 |  4- 6 |  7- 9 || total
-------------------------+-------+-------+-------++-------
Melee: Long sword        |    66 |   206 |   249 ||   521
       Headbutt          |     9 |    38 |    86 ||   133
       Dagger            |       |       |   127 ||   127
Throw: Dart              |       |       |    20 ||    20
       Throwing net      |       |       |     6 ||     6
Evoke: Wand              |       |     3 |    14 ||    17
  Use: Scroll            |     5 |     5 |     8 ||    18
       Potion            |       |     1 |     8 ||     9
 Stab: Sleeping          |     1 |     1 |     2 ||     4
       Distracted        |       |     1 |       ||     1
       Invisible         |       |       |     2 ||     2
       Held in net/web   |       |       |     1 ||     1
  Eat: Chunk             |     1 |     8 |    13 ||    22
       Ration            |       |       |     2 ||     2
Armor: Leather armour    |    11 |    36 |     5 ||    52
       Skin              |       |       |    42 ||    42
       Scale mail        |       |       |    55 ||    55
       Robe              |       |       |     2 ||     2
       Chain mail        |       |       |    46 ||    46
Dodge: Dodged            |    54 |   153 |   225 ||   432
       Rpst.: Long sword |    13 |    41 |    34 ||    88
